Map: 瑟拉斯废墟

Players

Gentleprobe (Cyan)

  • Race: Protoss Protoss
  • League: Master

iGiA (iAsonu) - Winner!

  • Race: Zerg Zerg
  • League: Master

Event: GPL 2015 - Grand Finals

VOD

Have the link to the VOD?

Description

Time

  • Played on: Jan. 9, 2016, 8:08 a.m.
  • Length: 10:56

All games in this series

Show
View Real Time Build Order
Export as new Build Order

Gentleprobe Protoss 

Build Orders: Phoenix Opening 

Get SALT Encoding   

  12  0:00  Probe (Chrono Boost)  
  13  0:11  Probe (Chrono Boost)  
  14  0:19  Pylon  
  14  0:22  Probe (Chrono Boost)  
  15  0:37  Probe (Chrono Boost)  
  15  0:38  Gateway  
  16  0:48  Assimilator, Probe (Chrono Boost)  
  17  0:58  Probe (Chrono Boost)  
  17  1:03  Gateway  
  18  1:09  Probe (Chrono Boost)  
  19  1:19  Probe (Chrono Boost)  
  20  1:26  Cybernetics Core  
  20  1:30  Probe (Chrono Boost)  
  21  1:34  Pylon  
  21  1:40  Probe (Chrono Boost)  
  22  1:51  Probe (Chrono Boost)  
  23  2:01  Probe (Chrono Boost)  
  23  2:03  Warp Gate (Chrono Boost)  
  23  2:04  Adept (Chrono Boost)  
  23  2:06  Adept (Chrono Boost)  
  28  2:26  Nexus  
  28  2:34  Assimilator  
  28  2:36  Probe  
  29  2:47  Pylon  
  29  2:51  Stargate  
  29  2:54  Probe  
  30  3:05  Adept  
  32  3:06  Probe  
  34  3:22  Mothership Core  
  34  3:26  Gateway  
  35  3:28  Gateway  
  35  3:37  Phoenix (Chrono Boost)  
  35  3:39  Probe  
  38  3:43  Probe  
  39  3:49  Probe  
  39  3:55  Probe  
  41  4:00  Probe  
  41  4:01  Phoenix (Chrono Boost)  
  44  4:07  Probe  
  45  4:10  Probe  
  45  4:12  Pylon  
  46  4:19  Adept, Probe  
  46  4:21  Probe  
  52  4:31  Probe x2  
  52  4:34  Adept  
  52  4:36  Adept  
  52  4:37  Adept  
  58  4:40  Adept  
  58  4:42  Probe  
  58  4:43  Probe  
  62  4:49  Pylon  
  62  4:59  Probe  
  62  5:02  Pylon, Assimilator  
  62  5:07  Probe  
  63  5:14  Probe (Chrono Boost)  
  63  5:18  Nexus  
  63  5:19  Pylon  
  64  5:22  Probe (Chrono Boost)  
  64  5:26  Probe (Chrono Boost)  
  64  5:28  Twilight Council  
  66  5:29  Assimilator  
  66  5:33  Probe (Chrono Boost)  
  63  5:37  Probe (Chrono Boost)  
  49  5:42  Phoenix  
  62  5:44  Probe (Chrono Boost)  
  62  5:47  Probe (Chrono Boost)  
  62  5:51  Twilight Council  
  62  5:55  Sentry x2  
  62  5:56  Adept  
  65  5:57  Probe (Chrono Boost)  
  65  5:59  Probe (Chrono Boost)  
  65  6:02  Adept  
  68  6:07  Probe (Chrono Boost)  
  68  6:08  Probe (Chrono Boost)  
  70  6:11  Charge (Chrono Boost)  
  70  6:18  Probe x2  
  69  6:19  Pylon  
  71  6:29  Probe  
  71  6:30  Robotics Facility, Probe  
  71  6:31  Probe  
  74  6:35  Resonating Glaives (Chrono Boost)  
  74  6:40  Forge  
  74  6:41  Probe x2  
  74  6:43  Probe  
  74  6:45  Adept x2  
  81  6:50  Zealot  
  81  6:52  Zealot, Probe  
  81  6:53  Probe  
  87  6:55  Probe  
  88  7:02  Probe  
  88  7:04  Gateway  
  88  7:05  Probe  
  88  7:06  Protoss Ground Weapons Level 1 (Chrono Boost)  
  90  7:10  Gateway  
  90  7:13  Templar Archives  
  90  7:14  Assimilator  
  90  7:15  Assimilator, Gateway  
  88  7:16  Probe  
  88  7:21  Observer (Chrono Boost)  
  90  7:27  Gateway  
  90  7:28  Probe  
  90  7:29  Pylon  
  91  7:32  Probe  
  91  7:33  Gateway  
  91  7:34  Probe  
  93  7:39  Oracle  
  93  7:40  Pylon, Probe  
  93  7:42  Warp Prism (Chrono Boost)  
  93  7:43  Zealot  
  100  7:47  Zealot  
  102  7:55  High Templar x2  
  106  8:02  Gateway, Archon  
  106  8:03  Zealot x2  
  110  8:05  Pylon  
  110  8:07  Pylon  
  110  8:10  Photon Cannon  
  110  8:16  Pylon  
  110  8:20  Immortal (Chrono Boost)  
  110  8:25  Gateway  
  114  8:29  High Templar x2  
  114  8:30  High Templar x2  
  114  8:31  Pylon  
  114  8:32  Psionic Storm  
  114  8:34  Archon x2  
  122  8:35  Zealot x3  
  128  8:50  Probe  
  129  9:00  Warp Prism  
  133  9:04  Nexus  
  133  9:05  Pylon  
  133  9:09  High Templar x3  
  133  9:12  Probe  
  134  9:20  Pylon, High Templar  
  134  9:22  Pylon x2  
  136  9:29  Zealot x5  
  142  9:38  Photon Cannon  
  142  9:39  Photon Cannon  
  142  9:40  Photon Cannon  
  142  9:46  Immortal  
  142  9:51  High Templar  
  142  9:52  High Templar  
  148  10:02  Phoenix (Chrono Boost)  
  136  10:07  Stalker  
  136  10:08  Stalker  
  125  10:17  Stalker x2  
  129  10:26  Stalker  
  129  10:27  Stalker  
  131  10:39  Stalker  
Show
View Real Time Build Order
Export as new Build Order

iGiA Zerg - Winner!

Build Orders: Hatch First 

Get SALT Encoding   

  12  0:01  Drone  
  13  0:12  Overlord  
  13  0:18  Drone  
  14  0:31  Drone x2  
  14  0:34  Drone  
  17  0:48  Drone  
  18  0:56  Hatchery  
  17  0:58  Drone  
  17  1:02  Extractor  
  17  1:14  Spawning Pool  
  17  1:17  Drone  
  17  1:21  Drone  
  18  1:29  Drone  
  20  1:40  Drone  
  20  1:49  Overlord  
  20  2:00  Queen  
  22  2:02  Metabolic Boost  
  22  2:07  Zergling x2  
  22  2:08  Queen  
  25  2:10  Drone  
  25  2:13  Drone  
  27  2:19  Drone  
  28  2:32  Hatchery  
  28  2:37  Drone x2  
  28  2:39  Drone  
  30  2:44  Overlord  
  30  2:48  Drone  
  31  2:53  Zergling x2  
  31  2:54  Zergling x2  
  32  3:02  Zergling x2  
  34  3:05  Zergling x2  
  34  3:09  Overlord  
  34  3:11  Drone x2  
  36  3:13  Drone  
  36  3:19  Drone x3  
  40  3:20  Drone  
  40  3:25  Overlord  
  41  3:29  Drone  
  41  3:30  Queen  
  44  3:37  Drone  
  44  3:40  Drone  
  47  3:41  Drone  
  47  3:46  Drone x2  
  47  3:47  Lair  
  49  3:48  Overlord  
  49  3:51  Drone  
  49  3:53  Drone  
  49  3:54  Drone  
  52  3:57  Drone  
  52  3:59  Overlord  
  52  4:02  Drone  
  54  4:03  Drone x2  
  54  4:06  Drone  
  57  4:11  Drone  
  57  4:12  Drone x2  
  57  4:14  Overlord  
  57  4:17  Drone x2  
  62  4:21  Queen  
  62  4:22  Drone  
  65  4:27  Overlord  
  65  4:28  Drone  
  66  4:33  Drone  
  66  4:35  Drone x2  
  66  4:37  Drone x2, Evolution Chamber, Extractor  
  69  4:39  Drone, Extractor x2  
  69  4:40  Drone, Extractor  
  69  4:42  Drone x2  
  69  4:45  Drone  
  71  4:46  Spore Crawler  
  71  4:47  Drone  
  71  4:50  Spore Crawler  
  71  4:52  Hydralisk Den  
  69  4:53  Drone x3  
  69  4:55  Zergling x2  
  69  4:56  Zergling x2  
  73  5:06  Zergling x6  
  73  5:07  Zergling x6  
  76  5:09  Zerg Missile Weapons Level 1  
  76  5:15  Spore Crawler  
  76  5:16  Zergling x8  
  76  5:17  Zergling x6  
  76  5:18  Extractor  
  76  5:19  Overlord  
  81  5:30  Zergling x2  
  81  5:33  Zergling x2  
  81  5:34  Zergling x6  
  76  5:53  Drone x4  
  76  5:54  Drone  
  76  5:55  Drone x4  
  84  6:02  Overlord  
  84  6:04  Drone  
  85  6:07  Drone  
  85  6:10  Hatchery  
  85  6:16  Overlord  
  85  6:17  Lurker Den  
  85  6:20  Hydralisk x6  
  97  6:29  Overlord x3  
  97  6:35  Hatchery  
  97  6:37  Hydralisk x5  
  106  6:45  Overlord  
  105  6:48  Hydralisk x4  
  105  6:53  Hydralisk  
  105  6:54  Hydralisk x2  
  113  6:56  Hydralisk  
  113  7:00  Overseer  
  121  7:01  Hydralisk  
  121  7:02  Hydralisk  
  125  7:12  Hydralisk x3  
  125  7:15  Overseer  
  131  7:21  Overlord  
  131  7:22  Zerg Missile Weapons Level 2  
  130  7:23  Drone x3  
  130  7:29  Drone  
  136  7:30  Drone x6  
  136  7:35  Hydralisk x2  
  144  7:46  Muscular Augments  
  144  7:49  Spire, Drone  
  144  7:50  Drone x3  
  147  7:58  Overlord x2  
  147  8:03  Drone x3  
  147  8:05  Spore Crawler, Extractor  
  148  8:06  Extractor  
  148  8:12  Evolution Chamber  
  145  8:17  Hatchery  
  143  8:23  Drone x2  
  145  8:38  Spine Crawler  
  145  8:39  Spine Crawler  
  145  8:41  Zerg Melee Weapons Level 1, Spine Crawler  
  143  8:44  Spine Crawler  
  143  8:45  Hatchery  
  140  9:06  Mutalisk  
  140  9:07  Mutalisk x12  
  140  9:09  Overlord x3  
  165  9:10  Overlord  
  165  9:16  Overlord  
  165  9:17  Overlord  
  165  9:27  Overlord x2  
  165  9:28  Infestation Pit, Mutalisk  
  165  9:29  Mutalisk x6  
  178  9:36  Pneumatized Carapace, Overseer  
  178  9:42  Mutalisk  
  178  9:44  Zergling x2  
  178  9:45  Zergling x16  
  189  9:55  Mutalisk  
  189  9:56  Mutalisk x2  
  195  10:00  Zergling x10  
  200  10:19  Mutalisk  
  200  10:20  Mutalisk  
Tags
 
Add a new tag
Caveats
  • Supply blocks, unpowered buildings, or Contaminate may cause inaccurate times.
  • Supply counts are checked every 10 seconds.